[Event "FIDE World School-ch O-11 2025"]
[Site "Vrnjacka Banja"]
[Date "2025.03.27"]
[Round "8.1"]
[White "Yildiz, Ali Aras"]
[Black "Zhauynbay, Alimzhan"]
[Result "1/2-1/2"]
[Annotator "NA RC"]
[ECO "B22"]
[WhiteElo "1932"]
[BlackElo "1927"]
[PlyCount "150"]
[EventDate "2025.03.19"]
[EventType "swiss"]
[EventCountry "SRB"]
[SourceTitle "playchess.com"]
[Source "ChessBase"]
[SourceQuality "1"]
[TimeControl "5400+30"]

1. e4 c5 2. Nf3 Nc6 3. c3 Nf6 4. e5 Nd5 5. Bc4 Nb6 6. Bb3 d5 7. exd6 c4 8. Bc2 Qxd6 9. O-O Bg4 10. h3 Bh5 11. Re1 Qf6 12. Be4 e6 13. d4 h6 14. g4 Bg6 15. g5 Qe7 16. Bxg6 fxg6 17. Nh4 Qf7 18. Qg4 Be7 19. Nd2 hxg5 20. Nhf3 Qf5 21. Kg2 Kd7 22. Ne4 Rhf8 23. Bxg5 Nd5 24. Bxe7 Nf4+ 25. Kg3 Qxg4+ 26. hxg4 Kxe7 27. Neg5 Kd7 28. Nh7 Rh8 29. Kxf4 Rxh7 30. Ng5 Rhh8 31. Rxe6 Rhf8+ 32. Kg3 Rf6 33. Rxf6 gxf6 34. Ne4 f5 35. gxf5 gxf5 36. Nc5+ Kc7 37. Rh1 Rg8+ 38. Kf4 Ne7 39. Rh7 Re8 40. Ne6+ Kd6 41. Ng7 Rf8 42. Rh6+ Kd7 43. Ke5 Rg8 44. Nxf5 Nxf5 45. Kxf5 Rg2 46. Rh7+ Kc6 47. f4 Rxb2 48. a4 Rc2 49. Rh3 b5 50. axb5+ Kxb5 51. Ke6 a5 52. f5 Re2+ 53. Kf7 a4 54. Rh8 a3 55. Ra8 a2 56. f6 Kc6 57. Kf8 Kd7 58. f7 Rg2 59. Ra7+ Kd8 60. Ra8+ Kd7 61. d5 Kd6 62. Ke8 Re2+ 63. Kd8 Rf2 64. Ra6+ Kxd5 65. Ke7 Re2+ 66. Kd7 Rf2 67. Ra5+ Ke4 68. Ke7 Kd3 69. Rxa2 Rxf7+ 70. Kxf7 Kxc3 71. Ke6 Kb3 72. Ra8 c3 73. Rb8+ Ka2 74. Rc8 Kb2 75. Kd5 c2 1/2-1/2

[Event "FIDE World School-ch O-11 2025"]
[Site "Vrnjacka Banja"]
[Date "2025.03.27"]
[Round "8.2"]
[White "Zabelin, Platon"]
[Black "Tulegen, Ramazan"]
[Result "1/2-1/2"]
[Annotator "NA RC"]
[ECO "E17"]
[WhiteElo "1831"]
[BlackElo "1973"]
[PlyCount "51"]
[EventDate "2025.03.19"]
[EventType "swiss"]
[EventCountry "SRB"]
[SourceTitle "playchess.com"]
[Source "ChessBase"]
[SourceQuality "1"]
[TimeControl "5400+30"]

1. d4 e6 2. Nf3 Nf6 3. g3 Be7 4. Bg2 d5 5. O-O O-O 6. Nbd2 b6 7. c4 Bb7 8. b3 c5 9. Bb2 Nbd7 10. e3 Ne4 11. Nxe4 dxe4 12. Ne5 Nxe5 13. dxe5 Qxd1 14. Rfxd1 Rfd8 15. Kf1 a6 16. a4 Bc6 17. Ke1 Rdb8 18. Bf1 Rb7 19. Bc3 Rab8 20. Rdb1 a5 21. Rd1 Kf8 22. Bg2 Ke8 23. Ke2 Rd7 24. Rxd7 Kxd7 25. Rd1+ Ke8 26. Rd2 1/2-1/2

[Event "FIDE World School-ch O-11 2025"]
[Site "Vrnjacka Banja"]
[Date "2025.03.27"]
[Round "8.3"]
[White "Uzdemir, Ali Poyraz"]
[Black "Larion, Iustin"]
[Result "1-0"]
[Annotator "TA"]
[ECO "B15"]
[WhiteElo "2184"]
[BlackElo "1919"]
[PlyCount "119"]
[EventDate "2025.03.19"]
[EventType "swiss"]
[EventCountry "SRB"]
[SourceTitle "playchess.com"]
[Source "ChessBase"]
[SourceQuality "1"]
[TimeControl "5400+30"]

1. e4 c6 2. d4 d5 3. Nc3 dxe4 4. Nxe4 Nf6 5. Nxf6+ exf6 6. c3 Bd6 7. Bd3 O-O 8. Qc2 c5 {[%emt 0:01:43] B15: Caro-Kann: 3 Nc3: 3...g6 and 3...dxe4 4 Nxe4 Nf6 5 Nxf6+ exf6.} 9. Ne2 {[%emt 0:11:35] Active counter play!} h6 10. Be3 Qc7 {[%emt 0:00:10] White has an edge.} 11. dxc5 Bxc5 12. Bf4 Bd6 $146 ({Predecessor:} 12... Qe7 13. O-O Nc6 14. Ng3 Re8 15. h3 Bd6 16. Bxd6 Qxd6 17. Rad1 Qc7 18. Bh7+ Kh8 {½-½ Grieve,H (2458)-Fiorito,J (2411) Brena Baja Magica 2025 (1)}) 13. Bxd6 Qxd6 14. O-O Nc6 15. Rad1 Qc7 16. Qa4 Re8 17. Nf4 Bg4 18. Rde1 Bd7 19. Nh5 Ne5 (19... Rad8 {simplifies} 20. Rxe8+ Rxe8 21. Ng3 Be6) 20. Qf4 {[%emt 0:00:47] aiming for Re3.} Qd6 {[%emt 0:02:24] [#]} 21. Qg3 Bg4 $1 22. Bb5 (22. Rd1 $11 Qe6 (22... Bxh5 $2 23. Bh7+ Kxh7 24. Rxd6 $18) 23. Nxg7 Kxg7 24. h3) 22... Re7 $15 (22... Bxh5 $6 23. Bxe8 Rxe8 24. f4 $14) 23. Nxg7 Kxg7 24. h3 $1 {[%emt 0:00:27] Wards off f5} a6 (24... h5 $11) 25. Be2 $36 {[%emt 0:02:35][%mdl 2048] White is really pushing.} Rae8 26. Kh1 {[%emt 0:02:44] [#]} (26. hxg4 $2 Qd2 27. Qe3 Nc4 28. Bxc4 (28. Qxd2 $2 Nxd2 29. f3 Rxe2 $19) 28... Rxe3 29. fxe3 Qxb2 $19 (29... Rxe3 $2 30. Rd1 $19)) (26. Rd1 $16 Nf3+ 27. Bxf3 (27. gxf3 $2 Qxg3+ 28. fxg3 Bxh3 $19) 27... Qxg3 28. fxg3 Bxf3 29. gxf3 (29. Rxf3 Re2 $16)) 26... h5 $1 27. Rd1 Qe6 28. hxg4 hxg4 {[%emt 0:00:39][%cal Of6f5] aiming for ...f5!.} 29. f4 $1 Qb6 30. Bxg4 (30. fxe5 $2 Rh8+ $19) 30... Ng6 {[%emt 0:01:47] [#]} 31. f5 $1 Re3 32. Qf2 Ne5 33. Bh3 ({Better is} 33. Be2 $16) 33... Nd3 $2 {[%emt 0:00:38][%mdl 8192] This move loses the game for Black.} (33... Nc6 $14) 34. Rxd3 $18 Qb5 35. Rxe3 Rxe3 36. Qxe3 Qxf1+ 37. Kh2 Qb1 38. Qg3+ Kh7 39. Qc7 Kg7 40. Qxb7 Qxa2 41. b4 Qd2 42. Qf3 Qb2 43. Bg4 Qd2 44. Bh5 Qb2 45. Qd5 Kh6 46. Qxf7 Kg5 47. Qg6+ Kf4 48. Qxf6 (48. Qg4+ $142 Ke5 49. Qg3+ Kd5 50. Qe3 Kd6 51. Be8 Kc7 52. Qe7+ Kc8 53. Qd7+ (53. Qxf6 Qd2 $18) 53... Kb8 54. Qd6+ Kc8 55. Bd7+ (55. Qxa6+ Kd8 $18) 55... Kb7 56. Qc6+ (56. Qxf6 Kc7 57. Qc6+ Kd8 58. Qd6 Qd2 59. Qxd2 Ke7 60. Be6 Kf6 61. Qd4+ Kg5 62. Kg3 Kh6 63. Qh8+ Kg5 64. Qh4#) 56... Ka7 57. Qc7+ Ka8 58. Bc6#) 48... Qa1 49. Bf3 (49. g3+ $142 Ke4 50. Qd4+ Kxf5 51. Qd5+ Kf6 52. Qd6+ Kg7 53. Qg6+ Kh8 54. Qf6+ Kg8 55. Bf7+ Kf8 56. Bd5+ Ke8 57. Bc6#) 49... Qe1 50. Qh6+ Kxf5 51. g4+ Ke5 52. Qg5+ ({Inferior is} 52. Qxa6 Qg3+ 53. Kh1 Qe1+ 54. Kg2 Qg3+ 55. Kh1 Qe1+ 56. Kg2 Qg3+ 57. Kf1 Qxf3+ 58. Ke1 Qxc3+ 59. Kf2 Qxb4 $11) (52. Qh8+ $142 Kf4 53. Qf8+ (53. Qf6+ Ke3 $18) 53... Ke3 54. Qe8+ Kf2 55. Qxe1+ Kxe1 56. c4 Kd2 57. c5) 52... Kd6 53. Qd5+ (53. Qd8+ $142 Ke6 54. Qe8+ Kf6 55. Qxe1 Kf7 56. Qe5 Kg8 57. Qe6+ Kf8 58. Bd5 (58. Qxa6 Kf7 59. Qc6 Kg8 60. Qe8+ Kg7 61. g5 Kh7 62. Bd5 Kg7 63. Qg8#) 58... Kg7 59. g5 Kh8 60. Qh6#) 53... Kc7 54. Qc5+ Kd8 55. Qd4+ Kc8 56. g5 {[%emt 0:00:06] Intending Bg4+ and mate.} Qc1 57. Bg4+ {[%emt 0:00:07] White mates.} Kc7 58. Qc5+ Kd8 59. Qd6+ Ke8 60. Bh5# {[%emt 0:00:04] Weighted Error Value: White=0.16 (very precise) /Black=0.37  Loses game:     	---       	Black=1      Mistake:       	White=3     	Black=2      Inaccurate:     	White=1     	Black=3      OK:         	White=9     	Black=12     Best:        	White=5     	Black=1      Strong:       	White=3     	Black=1} 1-0

[Event "FIDE World School-ch O-11 2025"]
[Site "Vrnjacka Banja"]
[Date "2025.03.27"]
[Round "8.5"]
[White "Kalinichenko, German Yu"]
[Black "Kiringoda, Thehas Rithmitha"]
[Result "0-1"]
[Annotator "NA RC"]
[ECO "B13"]
[WhiteElo "1696"]
[BlackElo "1868"]
[PlyCount "70"]
[EventDate "2025.03.19"]
[EventType "swiss"]
[EventCountry "SRB"]
[SourceTitle "playchess.com"]
[Source "ChessBase"]
[SourceQuality "1"]
[TimeControl "5400+30"]

1. e4 c6 2. d4 d5 3. exd5 cxd5 4. Bd3 Nc6 5. c3 Qc7 6. h3 g6 7. Nf3 Bf5 8. Be2 Nf6 9. O-O Bg7 10. Nbd2 O-O 11. Re1 Rfe8 12. Bf1 Rad8 13. b4 Ne4 14. Nxe4 dxe4 15. b5 Nb8 16. Ng5 Qxc3 17. Bd2 Qxd4 18. Qb3 Qf6 19. Bc4 e6 20. Be3 h6 21. Nxf7 Qxf7 22. g4 Bxa1 23. Rxa1 Qg7 24. Re1 Kh7 25. Bxa7 Nd7 26. gxf5 exf5 27. Kh1 b6 28. Rg1 Rf8 29. Qa3 Ne5 30. Be6 Ra8 31. Qd6 Rxa7 32. h4 Nf3 33. Rc1 Qe7 34. Qxb6 Qxh4+ 35. Kg2 Qg5+ 0-1